AoeStats
← 苏东坡的粉丝

African Clearing

510804631Analyzed
4v4 RM · 1d ago on Oct 2, 2026· 38m 47s· 8 players
Game mode
Random Map
Map size
Large (8 player)
Population
200
Speed
Normal
Resources
Standard
Victory
Conquest
Starting age
Dark Age
Ending age
Imperial Age
RankedLock teamsTeams togetherTeam positionsShared explorationLock speedFull tech treeHidden civsTurbo modeCheats
Victory
Defeat
🇨🇳 Inca · China
1572
+15
🇨🇳 Spanish · China
1565
+16
🇨🇳 Saxons · China
1528
+17
🇨🇳 Magyars · China
1489
+20
1576
-18
🇹🇼 Franks · Taiwan
1575
-18
🇦🇷 Spanish · Argentina
1551
-17
🇸🇮 Berbers · Slovenia
1518
-15
小鸡
4:33 Loom
13:09 Feudal Age
13:59 Double-Bit Axe
23:56 Castle Age
21:47 Fletching
22:45 Gold Mining
22:39 Horse Collar
23:20 Padded Archer Armor
24:04 Crossbowman
24:41 Bodkin Arrow
25:14 Bow Saw
31:32 Bloodlines
32:19 Husbandry
36:19 Wheelbarrow
39:27 Imperial Age
37:46 Ballistics
苏东坡的粉丝
7:21 Loom
14:36 Feudal Age
18:50 Castle Age
16:53 Double-Bit Axe
17:11 Horse Collar
18:06 Fletching
18:45 Gold Mining
19:35 Crossbowman
20:25 Crossbowman
22:07 Bodkin Arrow
23:49 Bow Saw
26:58 Heavy Plow
27:41 Wheelbarrow
28:11 Stone Mining
30:41 Hand Cart
32:59 Ballistics
34:41 Gold Shaft Mining
34:41 Stone Shaft Mining
36:41 Imperial Age
34:29 Town Watch
34:46 Padded Archer Armor
36:53 Leather Archer Armor
36:46 Thumb Ring
37:13 Squires
37:28 Bracer
37:28 Arbalester
38:42 Conscription
39:32 Chemistry
38:29 Elite Skirmisher
妈妈。
13:10 Feudal Age
11:28 Loom
14:10 Double-Bit Axe
17:02 Castle Age
15:25 Scale Barding Armor
28:14 Wheelbarrow
29:27 Hand Cart
32:27 Fletching
32:47 Town Watch
33:12 Bodkin Arrow
35:15 Horse Collar
35:52 Bow Saw
40:36 Imperial Age
38:26 Thumb Ring
38:26 Padded Archer Armor
39:38 Leather Archer Armor
seabed
11:15 Loom
13:01 Feudal Age
17:36 Castle Age
hK | Islamey
13:36 Loom
17:06 Feudal Age
17:26 Man-at-Arms
19:01 Town Watch
24:29 Castle Age
26:34 Fletching
Mr. Weedman
4:11 Loom
13:17 Feudal Age
14:25 Horse Collar
14:34 Double-Bit Axe
23:09 Castle Age
21:44 Stone Mining
24:37 Fletching
26:38 Thumb Ring
27:09 Bodkin Arrow
27:43 Padded Archer Armor
27:49 Husbandry
28:02 Bloodlines
33:30 Ballistics
ss839059
5:17 Loom
15:07 Feudal Age
19:10 Castle Age
23:51 Wheelbarrow
27:30 Double-Bit Axe
归来仍只会种田
5:24 Loom
13:37 Feudal Age
14:06 Double-Bit Axe
19:56 Castle Age
19:11 Gold Mining
20:33 Husbandry
21:08 Bow Saw
25:29 Bloodlines
28:13 Scale Barding Armor
35:34 Stone Mining
36:45 Horse Collar
40:57 Imperial Age
39:16 Wheelbarrow
39:02 Forging
Connection lost

Rejoining the realm…

Still unreachable

The connection could not be restored.

Session expired

The server has moved on; the page needs a fresh start.